 Dungeon Crawl Stone Soup version 0.27.1 (webtiles) character file.

Game seed: 10138706089967412331

65 Atelerd the Sneak (level 4, -1/27 HPs)
             Began as an Octopode Earth Elementalist on Sept 4, 2021.
             Slain by Sigmund (4 damage)
             ... on level 4 of the Dungeon.
             The game lasted 00:02:22 (3102 turns).

Atelerd the Sneak (Octopode Earth Elementalist)     Turns: 3102, Time: 00:02:22

Health: -1/27      AC:  1    Str:  7    XL:     4   Next: 13%
Magic:  4/7        EV: 13    Int: 18    God:
Gold:   132        SH:  0    Dex: 12    Spells: 7/8 levels left

rFire    . . .     SeeInvis .   e - +0 short sword
rCold    . . .     Faith    .   (no shield)
rNeg     . . .     Spirit   .   (helmet restricted)
rPois    .         Reflect  .   (no amulet)
rElec    .         Harm     .   i - ring of flight
rCorr    .         Rampage  .   m - ring of willpower
Will     +....                  (no ring)
Stlth    +++.......             (no ring)
HPRegen  0.09/turn              (no ring)
MPRegen  0.10/turn              (no ring)
                                (no ring)
                                (no ring)

@: brilliant, flying, very slightly contaminated, hasted, very quick
A: almost no armour, amphibious, 8 rings, camouflage 1, gelatinous body 1,
(nimble swimmer 1), tentacles
a: no special abilities


You were on level 4 of the Dungeon.
You visited 1 branch of the dungeon, and saw 4 of its levels.

You collected 132 gold pieces.

Inventory:

Hand Weapons
 e - a +0 short sword (weapon)
Missiles
 b - 84 stones
Jewellery
 i - a ring of flight (left tentacle)
 m - a ring of willpower (right tentacle)
Wands
 o - a wand of digging (7)
Scrolls
 a - 6 scrolls of identify {unknown}
 f - a scroll of torment {unknown}
 g - a scroll of acquirement {unknown}
 h - a scroll of silence {unknown}
 j - 2 scrolls of amnesia {unknown}
 l - a scroll of noise {unknown}
 p - a scroll of teleportation {unknown}
Potions
 d - 3 potions of brilliance
 k - a potion of lignification {unknown}
 n - a potion of heal wounds {unknown}


   Skills:
 - Level 2.0 Dodging
 + Level 3.8 Stealth
 + Level 2.6 Spellcasting
 + Level 2.0 Transmutations
 + Level 3.5 Earth Magic


You had 7 spell levels left.
You knew the following spells:

 Your Spells              Type           Power      Damage    Failure   Level
a - Sandblast             Erth           44%        2d11      4%          1

Your spell library contained the following spells:

 Spells                   Type           Power      Damage    Failure   Level
 Passwall                 Tmut/Erth      15%        N/A       9%          2
 Stone Arrow              Conj/Erth      26%        3d8       26%         3
 Petrify                  Tmut/Erth      18%        N/A       47%         4


Dungeon Overview and Level Annotations

Branches:
Dungeon (4/15)
 Temple: D:4-7

Altars:
Cheibriados
Uskayaw

Annotations:
D:1 exclusion: downstairs
D:2 Terence
D:4 Sigmund


Innate Abilities, Weirdness & Mutations

You cannot wear most types of armour.
You are amphibious.
You can wear up to eight rings at the same time.
Your skin changes colour to match your surroundings (Stealth+).
Your rubbery body absorbs attacks. (AC +1, EV +1)
((You are camouflaged near water. (Stealth+)))
You have tentacles for arms and can constrict up to eight enemies at once.


Message History

You are too injured to fight recklessly!
You are too injured to fight recklessly!
Okay, then.
Casting: Sandblast (safe; 4% risk of failure)
Confirm with . or Enter, or press ? or * to list all spells.
Aiming: Sandblast (safe; 4% risk of failure)
Press: ? - help, Shift-Dir - straight line, f - Sigmund
Aim: Sigmund, wielding a +1 scythe of venom and wearing a +2 robe of resistance (77% to hit)
The blast of sand hits Sigmund but does no damage.
You feel sick. Sigmund barely misses you.
Unknown command.
Unknown command.
Unknown command.
Casting: Sandblast (safe; 4% risk of failure)
Confirm with . or Enter, or press ? or * to list all spells.
Aiming: Sandblast (safe; 4% risk of failure)
Press: ? - help, Shift-Dir - straight line, f/p - Sigmund
Aim: Sigmund, wielding a +1 scythe of venom and wearing a +2 robe of resistance (77% to hit)
You miscast Sandblast.
You are very lightly contaminated with residual magic.
Nothing appears to happen.
You feel sick.
Sorry, you're not good enough to have a special ability.
Casting: Sandblast (safe; 4% risk of failure)
Confirm with . or Enter, or press ? or * to list all spells.
Aiming: Sandblast (safe; 4% risk of failure)
Press: ? - help, Shift-Dir - straight line, f/p - Sigmund
Aim: Sigmund, wielding a +1 scythe of venom and wearing a +2 robe of resistance (77% to hit)
The blast of sand hits Sigmund.
Sigmund is lightly wounded.
You feel sick.
You are no longer poisoned.
Sigmund gestures wildly while chanting.
Sigmund flickers and vanishes!
Deactivating autopickup; reactivate with Ctrl-A.
It was a potion of brilliance.
You feel clever all of a sudden. Something hits you.
* * * LOW HITPOINT WARNING * * *
It was a potion of haste.
You feel yourself speed up. Something hits you.
You die...

#.# ###.# ..#.#
##### #.#.# #...#
#)#.# #.#.# #.#.#
#.#.# #.#.# #.#.#
#{#.# #.#.# #@#.#
#.#.# #.#.# #.#.#
#.#.# #.#.# #.#.#
####.#.#######.#>#
#......#.......#.#
#......#.#######.#
#......#.# #.#
#......#.#
#.###########


There were no monsters in sight!

Vanquished Creatures
  A howler monkey skeleton (D:4)
  An adder (D:3)
  A dart slug (D:1)
  An orc (D:4)
  2 endoplasms
  5 goblins
  2 hobgoblins
  3 jackals (D:1)
  3 quokkas
  5 ball pythons
  4 bats
  5 frilled lizards
  4 kobolds
  4 rats
41 creatures vanquished.

Notes
Turn   | Place    | Note
-------+----------+-------------------------------------------
     0 | D:1      | Atelerd the Octopode Earth Elementalist began the quest for
                  | the Orb.
     0 | D:1      | Reached XP level 1. HP: 11/11 MP: 3/3
   470 | D:1      | Reached XP level 2. HP: 17/17 MP: 3/5
   494 | D:1      | Found a faded altar of an unknown god.
  1384 | D:2      | Reached XP level 3. HP: 21/21 MP: 6/6
  1710 | D:2      | Noticed Terence
  1985 | D:2      | Found a hide-covered altar of Uskayaw.
  2762 | D:4      | Found a snail-covered altar of Cheibriados.
  3003 | D:4      | Reached XP level 4. HP: 27/27 MP: 7/7
  3091 | D:4      | Noticed Sigmund
  3102 | D:4      | Slain by Sigmund

Illustrated notes

Levels and vault maps discovered:
D:1:      minmay_arrival_three_doors, layout_basic,
          hellmonk_ecumenical_altar_pennies_from_heaven, minmay_vboxes
D:2:      minmay_evil_eye, layout_basic, basic_altar,
          chequers_serial_rivers_micro_a, uniq_terence, uniq_jessica
D:3:      layout_loops_cross
D:4:      layout_basic, mainiacjoe_overflow_alcove_1, hangedman_decor_slide_cut,
          uniq_sigmund

Skill      XL: |  1  2  3 |
---------------+----------+-----
Stealth        | 3 |  3.8
Transmutations | 2 |  2.0
Dodging        | |  2.0
Spellcasting   | |  2.6
Earth Magic    | |  3.5

Action                   |  1- 3 |  4- 6 || total
-------------------------+-------+-------++-------
Melee: Unarmed           |     6 |       ||     6
       Short sword       |    56 |     2 ||    58
       Constrict         |    15 |       ||    15
       Tentacles         |    11 |     1 ||    12
 Cast: Sandblast         |    14 |     3 ||    17
  Use: Potion            |       |     2 ||     2
 Stab: Sleeping          |    11 |       ||    11
Armor: Skin              |     2 |       ||     2
Dodge: Dodged            |    43 |     2 ||    45
